 Dungeon Crawl Stone Soup version 0.30-a0-170-g85af917532 (webtiles) character file.

Game seed: 5568640252471380866

666 qw the Chopper (level 7, -2/44 HPs)
             Began as a Gargoyle Fighter on Sept 30, 2022.
             Slain by an ogre
             ... wielding a +0 giant spiked club
              (19 damage)
             ... on level 4 of the Dungeon.
             The game lasted 00:01:41 (4181 turns).

qw the Chopper (Gargoyle Fighter)                   Turns: 4181, Time: 00:01:42

Health: -2/44      AC: 19    Str: 22    XL:     7   Next: 57%
Magic:  7/7        EV:  7    Int:  8    God:
Gold:   273        SH:  4    Dex:  9    Spells: 6/6 levels left

rFire   . . .      SeeInvis .    Y - +0 war axe
rCold   . . .      Faith    .    c - +0 buckler
rNeg    + . .      Spirit   .    k - +0 chain mail
rPois   inf        Reflect  .    o - +0 helmet
rElec   +          Harm     .    (no cloak)
rCorr   .          Rampage  .    (no gloves)
Will    .....                    (no boots)
Stlth   ..........               (no amulet)
HPRegen 0.14/turn                j - +4 ring of protection
MPRegen 0.10/turn                (no ring)

@: no status effects
A: sickness immunity, AC +4, negative energy resistance 1, electricity
resistance, torment resistance 1, petrification resistance
a: no special abilities


You were on level 4 of the Dungeon.
You visited 1 branch of the dungeon, and saw 4 of its levels.

You collected 273 gold pieces.


Innate Abilities, Weirdness & Mutations

You are immune to sickness and miasma.
Your stone body is resilient. (AC +4)
You are immune to poison.
You resist negative energy. (rN+)
You are resistant to electric shocks. (rElec)
You are resistant to unholy torment.
You are immune to petrification.


   Skills:
 - Level 4.6 Fighting
 + Level 6.8 Axes
 - Level 3.2 Armour
 - Level 1.1 Dodging
 - Level 3.2 Shields


You had 6 spell levels left.
You didn't know any spells.
Your spell library was empty.

Inventory:

Hand Weapons
 e - a +2 flail of holy wrath
 Y - a +0 war axe (weapon)
Armour
 c - a +0 buckler (worn)
 k - a +0 chain mail (worn)
 n - a +0 plate armour
 o - a +0 helmet (worn)
Jewellery
 h - an amulet of reflection
 i - a ring of fire
 j - a +4 ring of protection (left hand)
Scrolls
 b - a scroll of brand weapon {unknown}
 g - a scroll of identify
 m - a scroll of enchant armour {unknown}
Potions
 a - a potion of haste
 d - a potion of might
 f - a potion of curing
 l - a potion of resistance {unknown}

Dungeon Overview and Level Annotations

Branches:
Dungeon (4/15)
 Temple: D:4-7

Altars:
Yredelemnul

Shops:
D:1 =

Annotations:
D:3 1 runed translucent door, Crazy Yiuf


Message History

You barely miss Edmund.
Edmund says, "I might not be good at magic, but I can still kill you!"
Edmund hits you with a +1 flail of draining.
You completely miss Edmund. Edmund hits you but does no damage.
You slash Edmund!
Edmund is moderately wounded.
Edmund hits you with a +1 flail of draining.
You hit Edmund but do no damage.
Edmund is moderately wounded.
Edmund barely misses you. You block Edmund's attack.
You closely miss Edmund.
Edmund is moderately wounded.
You block Edmund's attack.
You hit Edmund.
Edmund is moderately wounded.
Edmund barely misses you.
You hit Edmund but do no damage.
Edmund is moderately wounded.
Edmund hits you but does no damage.
You slash Edmund!
Edmund is heavily wounded.
You block Edmund's attack.
You slash Edmund!
Edmund is almost dead.
Edmund hits you but does no damage. x2
You slash Edmund!
You kill Edmund!
You hit the ogre.
The ogre is lightly wounded.
The ogre hits you with a +0 giant spiked club!
You slash the ogre!
The ogre is heavily wounded.
The ogre hits you with a +0 giant spiked club.
You slash the ogre!
The ogre is almost dead.
You barely miss the ogre.
The ogre is almost dead.
The ogre hits you with a +0 giant spiked club!!
You die...

#.........#
+.........+
.........
....... .!...
... #O# #@#
#.# ##.##
##...##
#.###.....###
............#
..#####.###.#
#.# ... #.#
###


You could see an ogre.

Vanquished Creatures
  Edmund (D:4)
  A necrophage (D:4)
  3 wights (D:4)
  A human zombie (D:4)
  An orc priest (D:3)
  A hound (D:4)
  A scorpion zombie (D:4)
  A hound zombie (D:4)
  A mummy (D:4)
  A howler monkey zombie (D:4)
  Robin (D:3)
  5 adders
  3 adder zombies (D:4)
  A worm (D:3)
  12 orcs (D:3)
  5 endoplasms
  7 giant cockroaches
  10 hobgoblins
  3 jackals (D:1)
  4 quokkas
  10 ball pythons
  3 bats
  8 frilled lizards
  13 goblins
  5 kobolds
  7 rats
109 creatures vanquished.

Notes
Turn   | Place    | Note
-------+----------+-------------------------------------------
     0 | D:1      | qw the Gargoyle Fighter began the quest for the Orb.
     0 | D:1      | Reached XP level 1. HP: 14/14 MP: 1/1
     0 | D:1      | 0 ||| qw: Version: 0.2-a-13-gfc7b4b4
     0 | D:1      | 0 ||| qw: Game counter: 1685
     0 | D:1      | 0 ||| qw: Always use a shield: true
     0 | D:1      | 0 ||| qw: God list: Okawaru
     0 | D:1      | 0 ||| qw: Allow faded altars: false
     0 | D:1      | 0 ||| qw: Do Orc after D:15 true
     0 | D:1      | 0 ||| qw: Do second Lair branch before Depths: true
     0 | D:1      | 0 ||| qw: Lair rune preference: random
     0 | D:1      | 0 ||| qw: Plans: Normal, Zot:1-4, God:TSO, Crypt, Tomb,
                  | Pan, Slime:5, Hells, Abyss, Orb
     0 | D:1      | 0 ||| PLANNING D:1-11
    90 | D:1      | Reached skill level 2 in Axes
   265 | D:1      | Reached XP level 2. HP: 19/19 MP: 2/2
   407 | D:1      | Found Ethily's One-of-a-Kind Rings.
   411 | D:1      | 411 ||| SHOPLISTING +2 ring of slaying (252 gold, have 0).
   411 | D:1      | 411 ||| SHOPLISTING +3 ring of protection (252 gold, have
                  | 0).
   411 | D:1      | 411 ||| SHOPLISTING +5 ring of protection (660 gold, have
                  | 0).
   411 | D:1      | 411 ||| SHOPLISTING ring "Fux Wuazae" {rPois rC+ rN+} (458
                  | gold, have 0).
   411 | D:1      | 411 ||| SHOPLISTING ring "Gafeu" {rElec rF+ Will+ Dex+3}
                  | (627 gold, have 0).
   411 | D:1      | 411 ||| SHOPLISTING ring "Gelamn" {+Blink rN+ Str+6 Int+9
                  | Stlth-} (1262 gold, have 0).
   411 | D:1      | 411 ||| SHOPLISTING ring of Lanoi {rPois rC+ Int+3} (483
                  | gold, have 0).
   581 | D:1      | 581 ||| Stepping ~*~*~tactically~*~*~ (stealth).
   584 | D:1      | 584 ||| Stepping ~*~*~tactically~*~*~ (stealth).
   626 | D:1      | 626 ||| Stepping ~*~*~tactically~*~*~ (stealth).
   766 | D:1      | Reached skill level 3 in Axes
  1005 | D:1      | 1005 ||| UPGRADING to +4 ring of protection.
  1006 | D:1      | 1006 ||| READING scroll labelled LYUQIXEESCH.
  1007 | D:1      | 1007 ||| DRINKING 2 emerald potions.
  1008 | D:1      | 1008 ||| DROPPING potion of degeneration.
  1027 | D:2      | 1027 ||| STAIRDANCE
  1037 | D:1      | Reached XP level 3. HP: 19/23 MP: 3/3
  1091 | D:2      | 1091 ||| STAIRDANCE
  1147 | D:2      | 1147 ||| STAIRDANCE
  1199 | D:2      | 1199 ||| STAIRDANCE
  1208 | D:2      | 1208 ||| STAIRDANCE
  1263 | D:2      | 1263 ||| DROPPING +0 club.
  1367 | D:2      | 1367 ||| Stepping ~*~*~tactically~*~*~ (stealth).
  1379 | D:2      | Reached XP level 4. HP: 27/28 MP: 4/4
  1519 | D:2      | 1519 ||| Stepping ~*~*~tactically~*~*~ (hiding).
  1847 | D:2      | 1847 ||| READING scroll labelled ONLYID MARI.
  1898 | D:3      | Reached skill level 4 in Axes
  2089 | D:3      | 2089 ||| DROPPING +0 whip.
  2120 | D:3      | 2120 ||| Stepping ~*~*~tactically~*~*~ (stealth).
  2138 | D:3      | 2138 ||| Stepping ~*~*~tactically~*~*~ (stealth).
  2185 | D:3      | 2185 ||| Stepping ~*~*~tactically~*~*~ (stealth).
  2187 | D:3      | 2187 ||| Stepping ~*~*~tactically~*~*~ (hiding).
  2196 | D:3      | Reached XP level 5. HP: 32/32 MP: 5/5
  2514 | D:3      | 2514 ||| Stepping ~*~*~tactically~*~*~ (stealth).
  2517 | D:3      | 2517 ||| Stepping ~*~*~tactically~*~*~ (stealth).
  2539 | D:3      | Noticed Robin
  2540 | D:3      | 2540 ||| Stepping ~*~*~tactically~*~*~ (hiding).
  2551 | D:3      | Reached skill level 5 in Axes
  2559 | D:3      | Killed Robin
  2561 | D:3      | 2561 ||| FLEEEEING.
  2562 | D:3      | 2562 ||| FLEEEEING.
  2563 | D:3      | 2563 ||| FLEEEEING.
  2564 | D:3      | 2564 ||| FLEEEEING.
  2565 | D:3      | 2565 ||| FLEEEEING.
  2566 | D:3      | 2566 ||| FLEEEEING.
  2567 | D:3      | 2567 ||| FLEEEEING.
  2569 | D:3      | 2569 ||| FLEEEEING.
  2570 | D:3      | 2570 ||| FLEEEEING.
  2571 | D:3      | 2571 ||| FLEEEEING.
  2572 | D:3      | 2572 ||| FLEEEEING.
  2573 | D:3      | 2573 ||| FLEEEEING.
  2574 | D:3      | 2574 ||| FLEEEEING.
  2576 | D:3      | 2576 ||| FLEEEEING.
  2577 | D:3      | 2577 ||| FLEEEEING.
  2578 | D:3      | 2578 ||| FLEEEEING.
  2579 | D:3      | 2579 ||| FLEEEEING.
  2580 | D:3      | 2580 ||| FLEEEEING.
  2581 | D:3      | 2581 ||| FLEEEEING.
  2583 | D:3      | 2583 ||| FLEEEEING.
  2584 | D:3      | 2584 ||| FLEEEEING.
  2585 | D:3      | 2585 ||| FLEEEEING.
  2587 | D:3      | 2587 ||| FLEEEEING.
  2588 | D:3      | 2588 ||| FLEEEEING.
  2589 | D:3      | 2589 ||| FLEEEEING.
  2590 | D:3      | 2590 ||| FLEEEEING.
  2591 | D:3      | 2591 ||| FLEEEEING.
  2592 | D:3      | 2592 ||| FLEEEEING.
  2779 | D:3      | Found a runed translucent door.
  2780 | D:3      | Noticed Crazy Yiuf
  3058 | D:3      | 3058 ||| UPGRADING to +0 chain mail.
  3068 | D:3      | 3068 ||| DROPPING +0 scale mail.
  3069 | D:3      | 3069 ||| UPGRADING to +0 helmet.
  3074 | D:3      | 3074 ||| READING scroll labelled XIFYIKHL EJOM.
  3075 | D:3      | 3075 ||| DRINKING 2 amethyst potions.
  3076 | D:3      | 3076 ||| DRINKING 2 yellow potions.
  3077 | D:3      | 3077 ||| DRINKING 2 silvery potions.
  3078 | D:3      | 3078 ||| READING 2 scrolls of identify.
  3078 | D:3      | 3078 ||| IDENTIFYING glowing clear potion
  3079 | D:3      | 3079 ||| DROPPING potion of brilliance.
  3080 | D:3      | 3080 ||| DROPPING potion of flight.
  3220 | D:4      | Reached XP level 6. HP: 15/39 MP: 6/6
  3400 | D:4      | Found a basalt altar of Yredelemnul.
  3487 | D:4      | Reached skill level 6 in Axes
  3487 | D:4      | Reached XP level 7. HP: 15/44 MP: 7/7
  3715 | D:4      | Reached skill level 1 in Dodging
  3774 | D:4      | 3774 ||| Stepping ~*~*~tactically~*~*~ (stealth).
  4162 | D:4      | Noticed Edmund
  4177 | D:4      | Killed Edmund
  4181 | D:4      | Slain by an ogre

Levels and vault maps discovered:
D:1:      ncdulo_watergridlock, layout_basic, moated_statue, st_stairs_4,
          nicolae_shop_unique_rings, chequers_decorated_corner
D:2:      layout_loops_ring
D:3:      layout_basic, uniq_crazy_yiuf_cottage, uniq_robin
D:4:      layout_loops_corners, kennysheep_okawaru_gauntlet,
          lemuel_doored_altar, lemuel_mausoleum_altar_yredelemnul, uniq_edmund

Skill      XL: |  1  2  3  4  5  6  7 |
---------------+----------------------+-----
Axes           | 2 3 4 5 6 |  6.8
Fighting       | 4 |  4.6
Dodging        | 1 |  1.1
Armour         | |  3.2
Shields        | |  3.2

Action                   |  1- 3 |  4- 6 |  7- 9 || total
-------------------------+-------+-------+-------++-------
Melee: War axe           |   112 |   224 |    46 ||   382
Throw: Boomerang         |    19 |       |       ||    19
  Use: Scroll            |     1 |     3 |       ||     4
       Potion            |     1 |     3 |       ||     4
Armor: Scale mail        |    81 |    75 |       ||   156
       Chain mail        |       |    30 |    25 ||    55
Dodge: Dodged            |    56 |    77 |     6 ||   139
Block: Buckler           |    25 |    34 |     6 ||    65

Table legend:
 A = Non-vault XP
 B = Vault XP
 C = Vault XP percentage of total XP
 D = Non-vault monster count
 E = Vault monster count
 F = Vault count percentage of total count
                 A         B        C        D         E       F
            +---------+---------+-------+---------+---------+-------
      Total |     287 |     665 |  69.9 |      82 |      27 |  24.8
            +---------+---------+-------+---------+---------+-------
        D:1 |      67 |       5 |   6.9 |      27 |       3 |  10.0
        D:2 |      24 |       0 |   0.0 |      16 |       0 |   0.0
        D:3 |     145 |      33 |  18.5 |      32 |      11 |  25.6
        D:4 |      51 |     627 |  92.5 |       7 |      13 |  65.0
            +---------+---------+-------+---------+---------+-------
